 Dungeon Crawl Stone Soup version 0.23-a0-407-g92528d7 (webtiles) character file.

28 Skuilla the Skirmisher (level 3, -3/23 HPs)
             Began as a Gargoyle Fighter on Nov 7, 2018.
             Engulfed by a cloud of flame (26 damage)
             ... on level 2 of the Dungeon.
             The game lasted 00:20:49 (861 turns).

Skuilla the Skirmisher (Gargoyle Fighter)            Turns: 861, Time: 00:20:50

Health: -3/23      AC: 14    Str: 20    XL:     3   Next: 12%
Magic:  3/3        EV:  3    Int:  8    God:
Gold:   8          SH:  9    Dex:  9    Spells: 2/2 levels left

rFire    . . .     SeeInvis .   b - +2 spear (pierce)
rCold    . . .     Gourm    .   c - +0 shield
rNeg     + . .     Faith    .   j - +0 plate armour
rPois    ∞         Spirit   .   (no helmet)
rElec    +         Reflect  .   (no cloak)
rCorr    .         Harm     .   (no gloves)
MR       .....                  (no boots)
Stlth    ..........             (no amulet)
HPRegen  0.07/turn              (no ring)
MPRegen  0.08/turn              (no ring)

@: no status effects
A: negative energy resistance 1, electricity resistance, unbreathing,
petrification resistance, rot immunity, AC +3
a: no special abilities


You were on level 2 of the Dungeon.
You were not hungry.

You visited 1 branch of the dungeon, and saw 2 of its levels.

You collected 8 gold pieces.

Inventory:

Hand Weapons
 b - a +2 spear of piercing (weapon)
Armour
 c - a +0 shield (worn)
 j - a +0 plate armour (worn)
Scrolls
 e - a scroll of blinking
 i - 3 scrolls of teleportation
 k - a scroll of magic mapping {unknown}
Potions
 a - a potion of resistance
 d - a potion of might
 h - a potion of berserk rage
Comestibles
 f - 3 rations
 g - 4 chunks of flesh


   Skills:
 + Level 3.6 Fighting
   Level 2.3 Maces & Flails
 * Level 0.9 Polearms
 + Level 3.5 Armour
 + Level 3.5 Shields


You had 2 spell levels left.
You didn't know any spells.
Your spell library was empty.

Dungeon Overview and Level Annotations

Branches:
Dungeon (2/15)

Altars:
Vehumet


Innate Abilities, Weirdness & Mutations

You are resistant to torment.
Your stone body is resilient. (AC +3)
You are immune to poison.
You resist negative energy. (rN+)
You are resistant to electric shocks. (rElec)
You can survive without breathing.
You are immune to petrification.
You are immune to rotting.


Message History

You kill the leopard gecko!
The kobold hits you but does no damage.
You closely miss the kobold. You block the kobold's attack.
You hit the kobold.
You kill the kobold!
You see here a leopard gecko corpse.
You butcher the leopard gecko corpse.
g - 4 chunks of flesh (gained 2)
You see here a leopard gecko skeleton.
You see here 2 tomahawks.
Found a radiant altar of Vehumet.
Press: ? - help, v - describe, . - travel The floor.
Found a stone staircase leading down.
Really walk into a travel-excluded area?
Uppercase [Y]es or [N]o only, please.
Really walk into a travel-excluded area?
You are engulfed in blazing flames.
Ouch! That really hurt!
You die...

#..(...........#
#..............#
#.....#.....####
#.....#.....#
#...#.#######
#.#...##...####
#.#.##.....§..#
#...#.......§.#
#.#.#....@._§.#
#.#>......§...#
# #.##......§.#
... #......#.#
#.# +....#.# #
#. #....#..≈ #
#....###..
#...## .≈≈ #...#
≈≈


There were no monsters in sight!

Vanquished Creatures
  2 dart slugs (D:1)
  A worm (D:2)
  A leopard gecko (D:2)
  A giant cockroach (D:1)
  4 hobgoblins (D:1)
  4 kobolds
  3 bats
  A frilled lizard (D:2)
  2 goblins (D:1)
  2 rats
21 creatures vanquished.

Notes
Turn   | Place    | Note
-------+----------+-------------------------------------------
     0 | D:1      | Skuilla the Gargoyle Fighter began the quest for the Orb.
     0 | D:1      | Reached XP level 1. HP: 14/14 MP: 1/1
   224 | D:1      | Reached XP level 2. HP: 18/19 MP: 2/2
   827 | D:2      | Reached XP level 3. HP: 23/23 MP: 3/3
   854 | D:2      | Found a radiant altar of Vehumet.
   861 | D:2      | Engulfed by a cloud of flame

Vault maps used:
D:1:      roderic_crop_circles_arrival_small
D:2:      kb_forest_paths, nicolae_gozag_seed_capital, fiery_altar_vehumet,
          chequers_ecumenical_altar_island, minmay_tetromino_i4, uniq_robin

Action                   || total
-------------------------++-------
Melee: Flail             ||    24
       Spear             ||    33
  Use: Scroll            ||     4
Armor: Scale mail        ||    15
       Plate armour      ||    26
Dodge: Dodged            ||    12
Block: Shield            ||    24

Table legend:
 A = Non-vault XP
 B = Vault XP
 C = Vault XP percentage of total XP
 D = Non-vault monster count
 E = Vault monster count
 F = Vault count percentage of total count
                 A         B        C        D         E       F
            +---------+---------+-------+---------+---------+-------
      Total |      40 |       0 |   0.0 |      21 |       0 |   0.0
            +---------+---------+-------+---------+---------+-------
        D:1 |      27 |       0 |   0.0 |      14 |       0 |   0.0
        D:2 |      13 |       0 |   0.0 |       7 |       0 |   0.0
            +---------+---------+-------+---------+---------+-------
